 Dungeon Crawl Stone Soup version 0.27.1-4-g1640c2035a (webtiles) character file.

Game seed: 17176909543492047774

160 Stomo444 the Shield-Bearer (level 5, 0/28 HPs)
             Began as a Vine Stalker Fighter on Nov 18, 2021.
             Slain by an ogre (28 damage)
             ... on level 4 of the Dungeon.
             The game lasted 00:03:57 (2416 turns).

Stomo444 the Shield-Bearer (Vine Stalker Fighter)   Turns: 2416, Time: 00:03:58

Health: 0/28       AC:  6    Str: 20    XL:     5   Next: 41%
Magic:  0/6        EV:  8    Int:  8    God:
Gold:   100        SH:  9    Dex: 13    Spells: 4/4 levels left

rFire    . . .     SeeInvis .   a - +0 flail
rCold    . . .     Faith    .   c - +0 kite shield
rNeg     . . .     Spirit   +   b - +0 scale mail
rPois    .         Reflect  .   (no helmet)
rElec    .         Harm     .   (no cloak)
rCorr    .         Rampage  .   (no gloves)
Will     .....                  (no boots)
Stlth    ..........             j - amulet of regeneration
HPRegen  2.09/turn              g - ring of flight
MPRegen  0.10/turn              (no ring)

@: flying
A: fangs 2, regeneration 1, magic shield, antimagic bite, no potion heal 2
a: no special abilities


You were on level 4 of the Dungeon.
You visited 1 branch of the dungeon, and saw 4 of its levels.

You collected 100 gold pieces.

Inventory:

Hand Weapons
 a - a +0 flail (weapon)
Armour
 b - a +0 scale mail (worn)
 c - a +0 kite shield (worn)
Jewellery
 g - a ring of flight (left hand)
 j - an amulet of regeneration (around neck)
Wands
 s - a wand of iceblast (14)
Scrolls
 h - 3 scrolls of identify {unknown}
 k - 2 scrolls of magic mapping {unknown}
 l - a scroll of fear {unknown}
 n - a scroll of teleportation {unknown}
 q - a scroll of amnesia {unknown}
Potions
 d - a potion of might
 e - a potion of heal wounds {unknown}
 f - a potion of ambrosia {unknown}
 i - a potion of haste {unknown}
 m - 3 potions of brilliance {unknown}
 o - a potion of attraction {unknown}
 p - a potion of lignification {unknown}
 r - a potion of magic {unknown}


   Skills:
 + Level 3.3 Fighting
 + Level 2.7 Maces & Flails
 + Level 3.0 Armour
 + Level 1.5 Dodging
 + Level 3.4 Shields


You had 4 spell levels left.
You didn't know any spells.
Your spell library was empty.

Dungeon Overview and Level Annotations

Branches:
Dungeon (4/15)
 Temple: D:4-7

Altars:
Kikubaaqudgha

Shops:
D:4 [


Innate Abilities, Weirdness & Mutations

You have extremely sharp teeth.
Your natural rate of healing is unusually fast.
When hurt, damage is shared between your health and your magic reserves.
Your bite disrupts and absorbs the magic of your enemies.
Potions cannot restore your health.


Message History

The centaur is lightly wounded.
You block the centaur's attack.
The centaur kicks you but does no damage.
The goblin barely misses you. The centaur hits you.
The centaur kicks you but does no damage.
Unknown command.
You hit the centaur. Your bite misses the centaur.
The centaur is heavily wounded.
The centaur hits you but does no damage.
The centaur kicks you but does no damage.
The goblin barely misses you. The centaur closely misses you.
The centaur kicks you but does no damage.
Unknown command.
Your shield prevents you from hitting the centaur.
Your bite misses the centaur.
The centaur is heavily wounded.
The centaur hits you.
The centaur kicks you but does no damage.
You block the goblin's attack. The centaur barely misses you.
The centaur completely misses you. The goblin closely misses you.
You hit the centaur. You bite the centaur. You drain its power.
You feel invigorated.
The centaur is severely wounded.
You block the centaur's attack. The centaur kicks you.
The goblin hits you but does no damage.
The centaur hits you but does no damage.
You block the centaur's attack.
You hit the centaur but do no damage.
The centaur is severely wounded.
The centaur hits you but does no damage.
The centaur kicks you but does no damage.
You block the goblin's attack. The centaur closely misses you.
You block the centaur's attack. The goblin closely misses you.
Unknown command.
You hit the centaur. You bite the centaur.
You kill the centaur!
The goblin hits you but does no damage.
The ogre hits you with a +0 giant spiked club!!
Ouch! That really hurt!
You die...

####### #.....#
######.###.##
.##.........#
............#########...
###.............@g....#
###......§..§....O###...
#....≈§§§§≈≈§≈≈≈≈.###
..##.≈§§.....§.§§§...
..##.≈§§.≈≈≈≈≈§.§§....
..##.≈.≈.§...§≈§≈......
..##.≈§§.≈.≈≈.§.≈...>>.
..#§.§§≈§§.∩≈.≈.≈..####
..#.§§§≈.§≈≈≈.≈.§§###


You could see an ogre and a goblin.

Vanquished Creatures
  An ogre (D:3)
  A centaur (D:4)
  3 gnolls (D:3)
  A worm (D:2)
  A dart slug (D:1)
  2 orcs
  3 ball pythons
  7 endoplasms
  5 goblins
  4 hobgoblins
  3 kobolds
  2 bats
  4 frilled lizards
  5 rats
42 creatures vanquished.

Notes
Turn   | Place    | Note
-------+----------+-------------------------------------------
     0 | D:1      | Stomo444 the Vine Stalker Fighter began the quest for the
                  | Orb.
     0 | D:1      | Reached XP level 1. HP: 11/11 MP: 2/2
    27 | D:1      | Found a faded altar of an unknown god.
   438 | D:1      | Reached XP level 2. HP: 16/16 MP: 3/3
  1007 | D:2      | Reached XP level 3. HP: 13/19 MP: 2/4
  1593 | D:3      | Reached skill level 1 in Dodging
  1598 | D:3      | Gained mutation: Your natural rate of healing is unusually
                  | fast. [Vine Stalker growth]
  1598 | D:3      | Reached XP level 4. HP: 24/24 MP: 5/5
  2191 | D:4      | Noticed an ogre
  2227 | D:3      | Killed an ogre
  2228 | D:3      | Reached XP level 5. HP: 28/28 MP: 2/6
  2269 | D:4      | Found an ancient bone altar of Kikubaaqudgha.
  2325 | D:4      | Found Ihouradd's Armour Emporium.
  2408 | D:4      | Noticed a centaur
  2409 | D:4      | Noticed an ogre
  2416 | D:4      | Killed a centaur
  2416 | D:4      | Slain by an ogre

Illustrated notes

Levels and vault maps discovered:
D:1:      minmay_arrival_arboretum_small, layout_basic,
          hellmonk_ecumenical_altar_arch_garden, serial_park_tiny_1
D:2:      layout_basic
D:3:      layout_loops_cross, chequers_serial_rivers_small_b
D:4:      layout_rooms, mainiacjoe_overflow_chevrons,
          chequers_temple_overflow_minitemple, serial_shops,
          nicolae_inconvenience_store, dk_vineyard_1, grunt_ministairs_12,
          feat_on_display

Skill      XL: |  1  2  3  4 |
---------------+-------------+-----
Maces & Flails | 2 |  2.7
Fighting       | 3 |  3.3
Shields        | 3 |  3.4
Dodging        | 1 |  1.5
Armour         | 3 |  3.0

Action                   |  1- 3 |  4- 6 || total
-------------------------+-------+-------++-------
Melee: Flail             |    64 |    50 ||   114
       Bite              |    19 |    14 ||    33
Armor: Scale mail        |    22 |    24 ||    46
Dodge: Dodged            |     9 |    28 ||    37
Block: Kite shield       |    30 |    28 ||    58
